[Event "Titled Tuesday Blitz June 21 Late 2022"]
[White "Oro, Luis"]
[Black "Omariev, Maksim"]
[WhiteFideId "104094"]
[BlackFideId "4193423"]
[WhiteElo "2362"]
[BlackElo "2461"]
[Result "1-0"]
[Round "11"]
[TimeControl "180+1"]
[Date "2022.06.22"]
[WhiteClock "0:00:26"]
[BlackClock "0:00:12"]

1. e4 c5 2. Nf3 d6 3. d4 cxd4 4. Nxd4 Nf6 5. Nc3 a6 6. f3 e6 7. Be3 b5 8. Qd2 Nbd7 9. O-O-O Bb7 10. g4 h6 11. h4 b4 12. Nce2 d5 13. exd5 Nxd5 14. Bf2 Bc5 15. Ng3 Qa5 16. Kb1 Be7 17. Nb3 Qc7 18. Ne4 a5 19. Bb5 a4 20. Nbc5 Bc6 21. Bg3 Qb6 22. Bxc6 Qxc6 23. Nxd7 Qxd7 24. Qd4 O-O 25. g5 h5 26. Be5 f6 27. gxf6 gxf6 28. Rdg1+ Kf7 29. Bh2 Rg8 30. Qd3 a3 31. Nd6+ Kf8 32. Rxg8+ Kxg8 33. Qg6+ 1-0


[Site "https://www.chess.com"]

[Event "Titled Tuesday Blitz June 21 Late 2022"]
[White "Pakleza, Zbigniew"]
[Black "Martinez Alcantara, Jose Eduardo"]
[WhiteFideId "1119290"]
[BlackFideId "3805662"]
[WhiteElo "2467"]
[BlackElo "2703"]
[Result "0-1"]
[Round "11"]
[TimeControl "180+1"]
[Date "2022.06.21"]
[WhiteClock "0:00:01"]
[BlackClock "0:00:21"]

1. d4 Nf6 2. Nf3 e6 3. Bf4 b6 4. e3 Bb7 5. h3 Be7 6. Nbd2 O-O 7. Bd3 c5 8. c3 cxd4 9. cxd4 Nc6 10. a3 a6 11. O-O d6 12. Qe2 h6 13. e4 b5 14. Bh2 Qb6 15. e5 dxe5 16. dxe5 Nd7 17. Ne4 Rfd8 18. Rad1 Nf8 19. Bb1 Rxd1 20. Rxd1 Rd8 21. Rc1 Ba8 22. Bg3 b4 23. axb4 Qxb4 24. Rc4 Qb5 25. Nd6 Bxd6 26. exd6 Na5 27. Rc2 Qxe2 28. Rxe2 Nc4 29. Bd3 Nxd6 30. Bxa6 Nf5 31. Rd2 Re8 32. Bc7 Bd5 33. Ne5 Ra8 34. Bd3 Nh4 35. f3 f6 36. Ng4 Bxf3 37. Bg3 Nxg2 38. Rxg2 Bxg2 39. Kxg2 Ra2 40. Ne3 Rxb2+ 41. Kf3 Kf7 42. h4 Rb3 43. Bc4 Rc3 44. Be1 Ra3 45. Bb4 Ra8 46. Nf5 Ra4 47. Bxf8 Kxf8 48. Bxe6 g6 49. Nxh6 Rxh4 50. Ng4 Ke7 51. Bd5 f5 52. Nf2 Kf6 53. Kg3 Ra4 54. Bg2 Ra3+ 55. Kh2 g5 56. Bd5 g4 57. Kg2 Kg5 58. Bc4 Ra4 59. Bb3 Ra5 60. Bd1 Ra3 61. Be2 Kf4 62. Bd1 Rc3 63. Be2 Ra3 64. Bd1 Ra2 65. Kg1 Rd2 66. Bb3 Kf3 0-1


[Site "https://www.chess.com"]

[Event "Titled Tuesday Blitz June 21 Late 2022"]
[White "Pinheiro, Iung Alicio de O."]
[Black "Leiva, Gianmarco"]
[WhiteFideId "2104350"]
[BlackFideId "3804399"]
[WhiteElo "2283"]
[BlackElo "2323"]
[Result "1-0"]
[Round "11"]
[TimeControl "180+1"]
[Date "2022.06.21"]
[WhiteClock "0:00:13"]
[BlackClock "0:00:03"]

1. c4 e5 2. g3 Nf6 3. Bg2 c6 4. d4 e4 5. d5 Bb4+ 6. Nc3 O-O 7. Bg5 h6 8. Bxf6 Qxf6 9. Rc1 Re8 10. e3 d6 11. Ne2 Bg4 12. O-O Bxc3 13. Rxc3 c5 14. Qd2 Nd7 15. Rb3 b6 16. Nc3 Qf5 17. Qc2 Nf6 18. f4 exf3 19. Qxf5 Bxf5 20. Bxf3 Rxe3 21. Kf2 Rae8 22. Nb5 Rxb3 23. axb3 Bc2 24. Ra1 Bxb3 25. Rxa7 Rd8 26. Be2 Nd7 27. Rb7 Ne5 28. Na3 f5 29. Rxb6 Ba2 30. b4 cxb4 31. Rxb4 Ra8 32. Nb5 Ra6 33. Nc7 Ra7 34. Ne8 g5 35. Nxd6 f4 36. gxf4 gxf4 37. c5 Bxd5 38. Nf5 f3 39. Bf1 Ra2+ 40. Kg3 Kf7 41. Ne3 Bc6 42. Rf4+ Ke6 43. Rd4 Ra3 44. Rd6+ Ke7 45. Nf5+ Kf7 46. Nxh6+ Ke7 47. Nf5+ Kf7 48. Nd4 Be4 49. Re6 Ra4 50. Rxe5 Rxd4 51. Bh3 Bb7 52. Bg4 Rd3 53. Rf5+ Ke7 54. Bxf3 Bxf3 55. Rxf3 Rd5 56. Rc3 Kd7 57. c6+ Kc7 58. h4 Rd1 59. Kg4 Rg1+ 60. Kf5 Rd1 61. h5 Rd5+ 62. Kg6 Rd6+ 63. Kg7 Rd2 64. h6 Rf2 65. h7 Rg2+ 66. Kh8 Kc8 67. Rf3 Kc7 68. Rf8 Kxc6 69. Rg8 Rd2 70. Kg7 Rg2+ 71. Kf6 Rf2+ 72. Ke5 Re2+ 73. Kd4 Rd2+ 74. Kc3 Rh2 75. h8=Q Rxh8 76. Rxh8 1-0


[Site "https://www.chess.com"]

[Event "Titled Tuesday Blitz June 21 Late 2022"]
[White "Quirke, Jeffrey"]
[Black "Winkels, Marcel"]
[WhiteFideId "2013029"]
[BlackFideId "1003887"]
[WhiteElo "2185"]
[BlackElo "1900"]
[Result "1-0"]
[Round "11"]
[TimeControl "180+1"]
[Date "2022.06.22"]
[WhiteClock "0:00:39"]
[BlackClock "0:00:16"]

1. e4 Nf6 2. e5 Nd5 3. d4 d6 4. exd6 cxd6 5. Nf3 g6 6. g3 Bg7 7. Bg2 O-O 8. O-O Nc6 9. c4 Nb6 10. b3 Bg4 11. Bb2 Qd7 12. Na3 Bh3 13. Nc2 Bxg2 14. Kxg2 Rad8 15. Re1 Rfe8 16. Qc1 Nb4 17. Nxb4 a5 18. Nc2 Rc8 19. d5 Na8 20. Bxg7 Kxg7 21. Qb2+ Kg8 22. Ncd4 Qc7 23. Re2 Qb6 24. Rae1 Nc7 25. Rxe7 Rf8 26. Ne6 Nxe6 27. dxe6 Qd8 28. exf7+ Rxf7 29. Re8+ Qxe8 30. Rxe8+ Rxe8 31. Ng5 Rff8 32. Qd2 Rf6 33. Qd5+ Kg7 34. Ne4 Rf5 35. Nxd6 Rxd5 36. Nxe8+ Kf7 37. cxd5 Kxe8 38. Kf3 Kd7 39. Ke4 Kd6 40. Kd4 b5 41. f4 h6 42. g4 b4 43. f5 g5 44. h3 Kd7 45. Ke5 Ke7 46. d6+ Kd7 47. Kd5 Kd8 48. Ke6 Ke8 49. f6 h5 50. d7+ Kd8 51. f7 Kc7 52. f8=Q Kc6 53. Qd6+ Kb5 54. d8=Q hxg4 55. Q8b6# 1-0


[Site "https://www.chess.com"]

[Event "Titled Tuesday Blitz June 21 Late 2022"]
[White "Rama, Tejas"]
[Black "Araujo Filho, Luiz Antonio Coel"]
[WhiteFideId "30907381"]
[BlackFideId "2130661"]
[WhiteElo "1430"]
[BlackElo "2180"]
[Result "1-0"]
[Round "11"]
[TimeControl "180+1"]
[Date "2022.06.22"]
[WhiteClock "0:01:06"]
[BlackClock "0:01:52"]

1. d4 f5 2. c4 Nf6 3. g3 g6 4. Bg2 Bg7 5. Nf3 O-O 6. O-O d6 7. Nc3 Nc6 8. d5 Na5 9. Qa4 c5 10. dxc6 Nxc6 11. Rd1 Bd7 12. Qb3 Kh8 13. Be3 Na5 14. Qb4 Qc8 15. Qxa5 1-0


[Site "https://www.chess.com"]

[Event "Titled Tuesday Blitz June 21 Late 2022"]
[White "Reprintsev, Alexander"]
[Black "Levine, Joseph"]
[WhiteFideId "14100541"]
[BlackFideId "30940346"]
[WhiteElo "2108"]
[BlackElo "1802"]
[Result "1/2-1/2"]
[Round "11"]
[TimeControl "180+1"]
[Date "2022.06.21"]
[WhiteClock "0:00:07"]
[BlackClock "0:00:04"]

1. e4 e6 2. Qe2 d5 3. exd5 Qxd5 4. Nc3 Qd8 5. Nf3 c5 6. d4 cxd4 7. Bg5 Qa5 8. Qb5+ Qxb5 9. Nxb5 Na6 10. Nbxd4 Bd7 11. Bxa6 bxa6 12. Ne5 f6 13. Nxd7 Kxd7 14. Be3 Ne7 15. O-O-O e5 16. Nb5+ Kc6 17. Nxa7+ Kc7 18. f3 Nf5 19. Bf2 Nd4 20. c3 Ne6 21. b4 Be7 22. a4 Rhd8 23. a5 Kb7 24. Rxd8 Rxd8 25. Rd1 Rxd1+ 26. Kxd1 Nf4 27. g3 Nd3 28. Bb6 Nxb4 29. cxb4 Bxb4 30. Ke2 Bd6 31. Kd3 Bb8 32. Kc4 Bxa7 33. Bxa7 Kxa7 34. Kc5 Kb7 35. Kd6 h5 36. h4 g5 37. Ke6 g4 38. fxg4 e4 39. gxh5 e3 40. h6 e2 41. h7 e1=Q+ 42. Kf7 Qxg3 43. h8=Q f5 44. Qb2+ Kc6 45. Qb6+ Kd5 46. h5 f4 47. h6 f3 48. h7 f2 49. Qxa6 Qf3+ 50. Ke7 f1=Q 51. Qxf1 Qxf1 52. h8=Q Qe1+ 53. Kd7 Qe6+ 54. Kc7 Qc6+ 55. Kb8 Qb5+ 56. Kc8 Qc6+ 57. Kb8 Qb5+ 58. Kc8 Qa6+ 59. Kb8 Qb5+ 1/2-1/2


[Site "https://www.chess.com"]

[Event "Titled Tuesday Blitz June 21 Late 2022"]
[White "Rios Escobar, Adan"]
[Black "Ambartsumova, Karina"]
[WhiteFideId "3403645"]
[BlackFideId "4166299"]
[WhiteElo "2455"]
[BlackElo "2262"]
[Result "1-0"]
[Round "11"]
[TimeControl "180+1"]
[Date "2022.06.22"]
[WhiteClock "0:00:32"]
[BlackClock "0:00:07"]

1. d4 Nf6 2. g3 g6 3. Bg2 Bg7 4. e4 O-O 5. Ne2 d6 6. O-O e5 7. Nbc3 Nc6 8. dxe5 Nxe5 9. f4 Nc6 10. h3 Re8 11. Be3 Be6 12. Qd2 Bc4 13. Rf2 Qd7 14. Rd1 Rad8 15. Nd4 Ba6 16. a3 Nh5 17. Kh2 Nxd4 18. Bxd4 Bxd4 19. Qxd4 Qe7 20. Qxa7 c6 21. Qd4 Ng7 22. f5 Qe5 23. b4 Nh5 24. Qxe5 dxe5 25. Rfd2 Rxd2 26. Rxd2 Nf6 27. Na4 gxf5 28. exf5 e4 29. Rd1 e3 30. Re1 Nd5 31. Nc5 Nc3 32. Nxa6 bxa6 33. Bxc6 Re5 34. Kg2 e2 35. g4 Re3 36. Bf3 Nb5 37. Rxe2 Rxa3 38. f6 h5 39. Re8+ Kh7 40. Be4+ Kh6 41. h4 1-0


[Site "https://www.chess.com"]

[Event "Titled Tuesday Blitz June 21 Late 2022"]
[White "Romanchuk, Viktor"]
[Black "Gallegos Diaz, Carlos Alberto"]
[WhiteFideId "14109271"]
[BlackFideId "3900886"]
[WhiteElo "2242"]
[BlackElo "2362"]
[Result "1-0"]
[Round "11"]
[TimeControl "180+1"]
[Date "2022.06.22"]
[WhiteClock "0:00:36"]
[BlackClock "0:00:19"]

1. d4 d6 2. c4 Nf6 3. Nf3 Nbd7 4. g3 e5 5. Nc3 Be7 6. Bg2 O-O 7. O-O c6 8. e4 exd4 9. Nxd4 Ne5 10. b3 Qa5 11. Bb2 Qb6 12. h3 Nxc4 13. Na4 Nxb2 14. Nxb6 Nxd1 15. Nxa8 Nb2 16. Nc7 Bd8 17. Na6 bxa6 18. Nxc6 Bb6 19. Rac1 Be6 20. Rc3 Bd7 21. e5 dxe5 22. Nxe5 Bf5 23. Nc6 Re8 24. g4 Bd3 25. Rfc1 h6 26. Bf1 Be4 27. Re1 Re6 28. Nb4 Ba5 29. Rc8+ Kh7 30. a3 Bxb4 31. axb4 Nd3 32. Rxe4 Rxe4 33. Bxd3 1-0


[Site "https://www.chess.com"]

[Event "Titled Tuesday Blitz June 21 Late 2022"]
[White "Romero Ruscalleda, Josep"]
[Black "Colpe, Malte"]
[WhiteFideId "2231859"]
[BlackFideId "24623075"]
[WhiteElo "2399"]
[BlackElo "2328"]
[Result "1-0"]
[Round "11"]
[TimeControl "180+1"]
[Date "2022.06.22"]
[WhiteClock "0:00:22"]
[BlackClock "0:00:19"]

1. e4 e5 2. Nf3 d5 3. Nxe5 Bd6 4. d4 dxe4 5. Nc4 Nf6 6. Nxd6+ Qxd6 7. Nc3 O-O 8. Bg5 Nd5 9. Nxd5 Qxd5 10. Be3 f5 11. c4 Qd6 12. Qb3 Kh8 13. g3 Nc6 14. O-O-O a5 15. c5 Qf6 16. a3 a4 17. Qc3 Na5 18. d5 Qxc3+ 19. bxc3 Nb3+ 20. Kc2 Ra5 21. d6 cxd6 22. cxd6 Be6 23. Bb6 Raa8 24. d7 Rfd8 25. Bb5 Na5 26. Bxa4 Nc4 27. Bxd8 Rxd8 28. Rd4 Nxa3+ 29. Kb2 Nc4+ 30. Kc1 Ne5 31. Rhd1 Nd3+ 32. R1xd3 exd3 33. Kd2 Kg8 34. Kxd3 Kf7 35. Ke3 Ke7 36. Kf4 g6 37. Ke5 Bxd7 38. Bxd7 Rxd7 39. Rxd7+ Kxd7 40. Kf6 Kc6 41. Kg7 Kc5 42. Kxh7 Kc4 43. Kxg6 Kxc3 44. h4 b5 45. h5 b4 46. h6 b3 47. h7 b2 48. h8=Q+ Kc2 49. Qxb2+ Kxb2 50. Kxf5 1-0


[Site "https://www.chess.com"]

[Event "Titled Tuesday Blitz June 21 Late 2022"]
[White "Rustemov, Alexander"]
[Black "Yurovskykh, Oleksandr"]
[WhiteFideId "4119002"]
[BlackFideId "14134020"]
[WhiteElo "2742"]
[BlackElo "2292"]
[Result "1-0"]
[Round "11"]
[TimeControl "180+1"]
[Date "2022.06.21"]
[WhiteClock "0:01:16"]
[BlackClock "0:00:15"]

1. d4 Nf6 2. c4 e6 3. Nf3 d5 4. Nc3 c5 5. cxd5 Nxd5 6. g3 Nxc3 7. bxc3 cxd4 8. Qxd4 Nc6 9. Qxd8+ Nxd8 10. Bg2 Bd7 11. Ne5 Bc6 12. Nxc6 Nxc6 13. Rb1 O-O-O 14. Bxc6 bxc6 15. Be3 c5 16. Rb5 Kc7 17. O-O a6 18. Ra5 Kb6 19. Ra3 Ra8 20. Rb1+ Kc6 21. Rab3 Be7 22. Rb7 Bd8 23. Rxf7 Ba5 24. c4 Bc3 25. Rbb7 Rac8 26. Rbe7 Rhd8 27. Rxe6+ Rd6 28. Rxd6+ Kxd6 29. Ra7 Rc6 30. Kg2 Bd4 31. Kf3 h5 32. Ke4 Bxe3 33. Kxe3 g6 34. a4 Ke5 35. f4+ Kf5 36. Kf3 Re6 37. e4+ Kf6 38. e5+ 1-0


[Site "https://www.chess.com"]

[Event "Titled Tuesday Blitz June 21 Late 2022"]
[White "Rychkov, Roman"]
[Black "Papp, Levente"]
[WhiteFideId "30985595"]
[BlackFideId "751243"]
[WhiteElo "2345"]
[BlackElo "2308"]
[Result "0-1"]
[Round "11"]
[TimeControl "180+1"]
[Date "2022.06.21"]
[WhiteClock "0:00:18"]
[BlackClock "0:00:45"]

1. e4 e6 2. d4 d5 3. exd5 exd5 4. c4 Nf6 5. Nf3 Nc6 6. Nc3 Bb4 7. Bd3 O-O 8. O-O h6 9. h3 Be6 10. c5 b6 11. Bb5 Ne7 12. cxb6 axb6 13. a3 Ne4 14. Bxh6 Bxc3 15. Bxg7 Kxg7 16. bxc3 Nxc3 17. Qd3 Nxb5 18. Qxb5 Qd6 19. a4 Rh8 20. Ne5 f6 21. Nd3 Kf7 22. Rfe1 Rag8 23. Kf1 Qh2 24. Rxe6 Kxe6 25. Re1+ Kf7 26. Qd7 Qxg2+ 27. Ke2 Qxh3 28. Qxc7 Rc8 29. Qg3 Qxg3 30. fxg3 Rc4 31. Nf4 Rxa4 32. Kd3 Ra3+ 33. Kc2 Rh2+ 34. Kb1 Rxg3 35. Ne6 Rb3+ 36. Kc1 Nc6 0-1


[Site "https://www.chess.com"]

[Event "Titled Tuesday Blitz June 21 Late 2022"]
[White "Barria Santos, Jose Guilherme"]
[Black "Nilsson, Joakim"]
[WhiteFideId "1939300"]
[BlackFideId "1723383"]
[WhiteElo "2261"]
[BlackElo "2210"]
[Result "0-1"]
[Round "11"]
[TimeControl "180+1"]
[Date "2022.06.21"]
[WhiteClock "0:00:04"]
[BlackClock "0:00:09"]

1. e4 c5 2. Nf3 e6 3. d4 cxd4 4. Nxd4 Nc6 5. Nc3 Qc7 6. Be3 a6 7. f3 Nf6 8. Qd2 Be7 9. O-O-O O-O 10. g4 b5 11. Kb1 Nxd4 12. Bxd4 Bb7 13. h4 d5 14. e5 Nd7 15. f4 b4 16. Ne2 Nc5 17. Bg2 Ne4 18. Qe3 Rfc8 19. Rc1 Bc5 20. h5 Rab8 21. g5 a5 22. g6 fxg6 23. hxg6 h6 24. Bh3 Qb6 25. Bxc5 Rxc5 26. Nd4 Bc8 27. Ka1 Rc4 28. Rhd1 a4 29. Bf1 Rc7 30. Bg2 a3 31. Bxe4 axb2+ 32. Kxb2 dxe4 33. Qxe4 Bb7 34. Qe2 Bd5 35. Nb3 Qa7 36. Rxd5 exd5 37. Qd3 Qa3+ 38. Kb1 Ra7 39. Qxd5+ Kh8 40. Rd1 Qxa2+ 41. Kc1 Qa3+ 42. Kb1 Raa8 43. Rd4 Qa2+ 44. Kc1 Qa6 45. e6 Qf1+ 46. Kb2 Rc8 47. Qe4 Ra3 48. Qd3 Rxb3+ 49. Kxb3 Qb1+ 50. Ka4 Qa2+ 51. Kb5 Rb8+ 52. Kc6 Qxe6+ 53. Rd6 Qe8+ 54. Kd5 Rd8 55. Kc4 Rc8+ 56. Kd5 Qg8+ 57. Kd4 Qf8 58. Ke3 Re8+ 59. Kf3 Qe7 60. Rd4 Qh4 61. Qf1 Qh5+ 62. Kf2 Qxg6 63. Qg2 Qe6 64. Qf3 Qe1+ 65. Kg2 Re2+ 66. Kh3 Re3 67. Rd8+ Kh7 68. Rd3 Rxf3+ 0-1


[Site "https://www.chess.com"]

[Event "Titled Tuesday Blitz June 21 Late 2022"]
[White "Sarana, Alexey"]
[Black "Deac, Bogdan-Daniel"]
[WhiteFideId "24133795"]
[BlackFideId "1226380"]
[WhiteElo "2666"]
[BlackElo "2648"]
[Result "0-1"]
[Round "11"]
[TimeControl "180+1"]
[Date "2022.06.21"]
[WhiteClock "0:00:01"]
[BlackClock "0:00:10"]

1. d4 Nf6 2. c4 e6 3. Nc3 Bb4 4. e3 O-O 5. Bd3 c5 6. a3 Bxc3+ 7. bxc3 Nc6 8. Ne2 b6 9. e4 Ba6 10. Bg5 h6 11. Bh4 e5 12. O-O g5 13. f4 gxh4 14. fxe5 Ng4 15. Nf4 Qg5 16. Nh3 Qg7 17. Rf4 h5 18. Qe1 cxd4 19. Qxh4 Ngxe5 20. Qxh5 Qg6 21. Qh4 Kg7 22. Be2 Rh8 23. Qf2 d3 0-1


[Site "https://www.chess.com"]

[Event "Titled Tuesday Blitz June 21 Late 2022"]
[White "Sargsyan, Anna M."]
[Black "D`Arruda, Ricardo D."]
[WhiteFideId "13308130"]
[BlackFideId "100692"]
[WhiteElo "2271"]
[BlackElo "2496"]
[Result "1-0"]
[Round "11"]
[TimeControl "180+1"]
[Date "2022.06.21"]
[WhiteClock "0:00:02"]
[BlackClock "0:00:01"]

1. d4 Nf6 2. c4 e5 3. dxe5 Ne4 4. Nf3 Nc6 5. Nbd2 Nc5 6. e3 d6 7. exd6 Bxd6 8. Be2 Qf6 9. O-O Bf5 10. Nb3 O-O-O 11. Nbd4 Be4 12. Bd2 Qh6 13. h3 g5 14. Nh2 Rhe8 15. Bc3 Bxh2+ 16. Kxh2 Ne6 17. f3 Bg6 18. Bd3 Qf8 19. Bxg6 hxg6 20. Kh1 Qc5 21. Re1 Qxc4 22. Rc1 Ncxd4 23. Bxd4 Qxa2 24. Qc2 Qa5 25. Bf6 Rd2 26. Qb3 Qd5 27. Qa4 c6 28. Qxa7 Nc7 29. Bc3 Rd3 30. e4 Qb5 31. Rcd1 Red8 32. Ra1 R3d7 33. Qa3 Rd3 34. Qa2 Na6 35. Qxf7 g4 36. Qe6+ Kb8 37. Qxg4 g5 38. e5 Qd5 39. e6 Re8 40. e7 Nc7 41. Qg3 Qd7 42. Rac1 1-0


[Site "https://www.chess.com"]

[Event "Titled Tuesday Blitz June 21 Late 2022"]
[White "Sarkar, Justin"]
[Black "Goltseva, Ekaterina"]
[WhiteFideId "2010011"]
[BlackFideId "24173770"]
[WhiteElo "2020"]
[BlackElo "2086"]
[Result "0-1"]
[Round "11"]
[TimeControl "180+1"]
[Date "2022.06.22"]
[WhiteClock "0:00:23"]
[BlackClock "0:00:22"]

1. e4 e5 2. Ne2 Nc6 3. d4 d5 4. exd5 Qxd5 5. Nbc3 Qa5 6. d5 Nb4 7. Ng3 Nf6 8. Bb5+ c6 9. dxc6 bxc6 10. Bc4 Bg4 11. f3 Bd7 12. Qe2 Bc5 13. Bg5 Bd4 14. Qd2 O-O-O 15. a3 Be6 16. Bxe6+ fxe6 17. Rc1 Na2 0-1


[Site "https://www.chess.com"]

[Event "Titled Tuesday Blitz June 21 Late 2022"]
[White "Shimanov, Aleksandr"]
[Black "Guz, Ari"]
[WhiteFideId "4198603"]
[BlackFideId "2825759"]
[WhiteElo "2605"]
[BlackElo "1913"]
[Result "1-0"]
[Round "11"]
[TimeControl "180+1"]
[Date "2022.06.21"]
[WhiteClock "0:00:23"]
[BlackClock "0:00:07"]

1. e4 c5 2. Nf3 e6 3. c3 d5 4. e5 d4 5. Bd3 Nc6 6. O-O Nge7 7. Na3 Ng6 8. Re1 Be7 9. g3 Qc7 10. Qe2 a6 11. h4 b5 12. h5 Nf8 13. c4 b4 14. Nb1 Bb7 15. Be4 Nd7 16. d3 g6 17. h6 O-O-O 18. Bg5 Bxg5 19. Nxg5 Ndxe5 20. f4 Qe7 21. Qg2 Kc7 22. Nd2 Ng4 23. Nf1 f6 24. Qh3 fxg5 25. Qxg4 gxf4 26. gxf4 Rd6 27. Nh2 Rf8 28. Qg5 Qf7 29. Rf1 Kb6 30. Ng4 Qe7 31. Rae1 Qxg5 32. fxg5 Rxf1+ 33. Rxf1 Rd7 34. Bxc6 Bxc6 35. Ne5 Re7 36. Rf8 Be8 37. Kf2 Kc7 38. Kg3 Kd6 39. Kf4 a5 40. Rg8 a4 41. Rg7 a3 42. b3 Rc7 43. Rg8 Re7 44. Rh8 Ba4 45. Ra8 Be8 46. Ra6+ Kc7 47. Ng4 Bc6 48. Ke5 Rf7 49. Nf6 Bb7 50. Rxe6 Bc8 51. Re8 Bd7 52. Rh8 Re7+ 53. Kd5 Re2 54. Rxh7 Rxa2 55. Rxd7+ Kc8 56. Ra7 Kb8 57. Ra5 Rh2 58. h7 a2 59. Rxa2 1-0


[Site "https://www.chess.com"]

[Event "Titled Tuesday Blitz June 21 Late 2022"]
[White "Sibilio, Mario"]
[Black "Thiel, Thomas"]
[WhiteFideId "800422"]
[BlackFideId "4615964"]
[WhiteElo "2296"]
[BlackElo "2224"]
[Result "1-0"]
[Round "11"]
[TimeControl "180+1"]
[Date "2022.06.22"]
[WhiteClock "0:00:03"]
[BlackClock "0:00:02"]

1. d4 Nf6 2. c4 g6 3. g3 c6 4. Bg2 d5 5. Nf3 Bg7 6. O-O O-O 7. Nbd2 Bf5 8. Ne5 Nbd7 9. cxd5 cxd5 10. Qb3 b6 11. Ndf3 Be4 12. Bf4 Nxe5 13. Bxe5 Rc8 14. Rfc1 Qd7 15. e3 Rxc1+ 16. Rxc1 Rc8 17. Rc3 Rc6 18. Bxf6 Bxf6 19. Nd2 Bxg2 20. Kxg2 e6 21. Qb5 Rc7 22. Qxd7 Rxd7 23. Rc8+ Kg7 24. f4 h5 25. Nf3 Rd8 26. Rc7 Ra8 27. a4 Kf8 28. Kf2 Ke8 29. Ke2 Bd8 30. Rc2 Bf6 31. Kd3 Kd7 32. h3 Rc8 33. Rxc8 Kxc8 34. g4 hxg4 35. hxg4 Kd7 36. g5 Bg7 37. e4 dxe4+ 38. Kxe4 Kd6 39. b4 a5 40. b5 Kd7 41. Nd2 Kc7 42. Nc4 Bh8 43. d5 exd5+ 44. Kxd5 Bg7 45. Ne3 Bf8 46. Ng4 Bd6 47. Ne5 Bxe5 48. Kxe5 Kd7 49. Kf6 Ke8 50. f5 gxf5 51. Kxf5 Ke7 52. Ke5 Kd7 53. Kf6 Ke8 54. Ke5 Kd7 55. Kd5 1-0


[Site "https://www.chess.com"]

[Event "Titled Tuesday Blitz June 21 Late 2022"]
[White "Stanisz, Patryk"]
[Black "Sanchez Alarcon, Juan"]
[WhiteFideId "1123106"]
[BlackFideId "3401332"]
[WhiteElo "1833"]
[BlackElo "2164"]
[Result "0-1"]
[Round "11"]
[TimeControl "180+1"]
[Date "2022.06.22"]
[WhiteClock "0:00:30"]
[BlackClock "0:01:45"]

1. e4 c5 2. Nf3 d6 3. d4 cxd4 4. Nxd4 Nf6 5. Nc3 a6 6. Be3 e6 7. f3 b5 8. Qd2 Nbd7 9. g4 h6 10. Bd3 b4 11. Na4 Qc7 12. h4 d5 13. exd5 Nxd5 14. Bf2 Bd6 15. Be4 Bb7 16. O-O O-O 17. Rac1 Bf4 18. Qd3 Bxc1 19. Rxc1 Nf4 20. Qe3 Nh3+ 21. Kg2 Nxf2 22. Bxb7 Nxg4 23. fxg4 Qxb7+ 24. Kh3 Rac8 25. Rd1 Nc5 26. Nxc5 Rxc5 27. Nxe6 fxe6 28. Qxc5 Qf3+ 0-1


[Site "https://www.chess.com"]

[Event "Titled Tuesday Blitz June 21 Late 2022"]
[White "Svane, Rasmus"]
[Black "Livaic, Leon"]
[WhiteFideId "4657101"]
[BlackFideId "14531534"]
[WhiteElo "2674"]
[BlackElo "2540"]
[Result "1-0"]
[Round "11"]
[TimeControl "180+1"]
[Date "2022.06.21"]
[WhiteClock "0:00:11"]
[BlackClock "0:00:02"]

1. Nf3 Nf6 2. g3 b6 3. Bg2 Bb7 4. O-O g6 5. d4 Bg7 6. c4 e6 7. Qc2 O-O 8. Nc3 d6 9. e4 Nbd7 10. Be3 e5 11. Rad1 Re8 12. Rfe1 h6 13. h3 a5 14. b3 exd4 15. Nxd4 Nc5 16. Bf4 Nfd7 17. Nd5 Ne5 18. Bc1 a4 19. b4 Ne6 20. Bb2 c5 21. bxc5 bxc5 22. Nb5 Nc6 23. Bxg7 Kxg7 24. Qb2+ f6 25. Nxd6 Qxd6 26. Nxf6 Ned4 27. Nxe8+ Rxe8 28. Qxb7+ Re7 29. Qb6 Re6 30. e5 Qe7 31. Qb2 Nxe5 32. Kh1 Nxc4 33. Rxe6 Qxe6 34. Qc3 Qf7 35. Rc1 Ne5 36. Qxc5 Ndf3 37. Qc7 Nd7 38. Rd1 Nfe5 39. Bc6 Nxc6 40. Rxd7 Ne7 41. Rxe7 Kh7 42. Rxf7+ Kh8 43. Rh7+ Kg8 44. Qg7# 1-0


[Site "https://www.chess.com"]

[Event "Titled Tuesday Blitz June 21 Late 2022"]
[White "Svicevic, Rastko"]
[Black "Harvey, Marcus R"]
[WhiteFideId "916315"]
[BlackFideId "400092"]
[WhiteElo "2049"]
[BlackElo "2485"]
[Result "0-1"]
[Round "11"]
[TimeControl "180+1"]
[Date "2022.06.22"]
[WhiteClock "0:00:21"]
[BlackClock "0:01:01"]

1. d4 d5 2. Bg5 h6 3. Bh4 c6 4. c3 Bf5 5. e3 Qb6 6. Qd2 Nd7 7. f3 Ngf6 8. Ne2 e6 9. Bg3 Bh7 10. Nc1 Nh5 11. Bf2 Bd6 12. Nd3 Qc7 13. f4 Nhf6 14. Be2 Ne4 15. Qc1 Nxf2 16. Nxf2 g5 17. g3 c5 18. fxg5 hxg5 19. e4 Bxe4 20. Nxe4 dxe4 21. Qxg5 Bxg3+ 22. Kd1 Bh4 23. Qg4 cxd4 24. Qxe4 O-O-O 25. c4 d3 26. Bf3 Nc5 27. Qg4 f5 28. Qg2 Rhg8 29. Qd2 Bg5 30. Qb4 Be7 31. Nc3 Ne4 32. Qa4 Nf2+ 33. Kd2 Qf4+ 0-1


[Site "https://www.chess.com"]

[Event "Titled Tuesday Blitz June 21 Late 2022"]
[White "Tanenbaum, Zachary"]
[Black "Cappelletto, Joshuaede"]
[WhiteFideId "2060850"]
[BlackFideId "2824383"]
[WhiteElo "2175"]
[BlackElo "1761"]
[Result "1-0"]
[Round "11"]
[TimeControl "180+1"]
[Date "2022.06.21"]
[WhiteClock "0:00:20"]
[BlackClock "0:00:02"]

1. e4 g6 2. d4 Bg7 3. Nc3 a6 4. Bg5 b5 5. Nf3 Bb7 6. Bd3 d6 7. Qe2 Nd7 8. O-O-O Qc8 9. e5 Bxf3 10. Qxf3 dxe5 11. Rhe1 exd4 12. Nd5 f6 13. Nxc7+ Qxc7 14. Qxa8+ Kf7 15. Qd5+ Kf8 16. Bh4 e5 17. Bg3 Ne7 18. Qxd4 Nb6 19. Be4 Kf7 20. Qb4 Rc8 21. Qb3+ Kf8 22. Rd3 Nc4 23. Red1 Qa5 24. f4 f5 25. Bb7 Rb8 26. Rd7 e4 27. Be1 Bxb2+ 28. Qxb2 1-0


[Site "https://www.chess.com"]

[Event "Titled Tuesday Blitz June 21 Late 2022"]
[White "Terry, Renato"]
[Black "Dardha, Daniel"]
[WhiteFideId "3803457"]
[BlackFideId "240990"]
[WhiteElo "2577"]
[BlackElo "2482"]
[Result "0-1"]
[Round "11"]
[TimeControl "180+1"]
[Date "2022.06.21"]
[WhiteClock "0:00:01"]
[BlackClock "0:01:12"]

1. d4 d5 2. Bg5 h6 3. Bh4 c5 4. dxc5 Na6 5. e4 Nxc5 6. Bb5+ Bd7 7. Bxd7+ Qxd7 8. exd5 g5 9. Bg3 Bg7 10. Nc3 Bxc3+ 11. bxc3 Nf6 12. c4 Qa4 13. Qd4 Qxc2 14. Rd1 Nce4 15. Nf3 Nc3 16. Qd3 Qxd1+ 17. Qxd1 Nxd1 18. Kxd1 Rc8 19. Ne5 Nd7 20. Re1 Nxe5 21. Bxe5 O-O 22. Re4 b5 23. cxb5 Rfd8 24. a4 Rxd5+ 25. Ke2 f5 26. Re3 Rc2+ 27. Kf3 Rdd2 28. Re1 Rxf2+ 29. Ke3 Rxg2 30. Bd4 Rxh2 31. Bxa7 Rh3+ 32. Kd4 Kf7 33. Rb1 Kf6 34. Bb8 Ra2 35. b6 Rxa4+ 36. Kd5 Ra5+ 37. Kc4 Rh4+ 38. Kc3 Ra3+ 39. Kd2 f4 40. b7 Rh2+ 41. Kc1 Rf3 42. Be5+ Kf5 0-1


[Site "https://www.chess.com"]

[Event "Titled Tuesday Blitz June 21 Late 2022"]
[White "Titichoca Daza, Daniel"]
[Black "Novikova, Galina"]
[WhiteFideId "3309550"]
[BlackFideId "4157095"]
[WhiteElo "1912"]
[BlackElo "1863"]
[Result "1/2-1/2"]
[Round "11"]
[TimeControl "180+1"]
[Date "2022.06.21"]
[WhiteClock "0:01:00"]
[BlackClock "0:00:09"]

1. Nf3 e6 2. c4 f5 3. g3 Nf6 4. Bg2 Be7 5. O-O O-O 6. d3 d6 7. Nc3 e5 8. e4 Nc6 9. exf5 Bxf5 10. d4 Bg4 11. h3 Bxf3 12. Bxf3 exd4 13. Bxc6 bxc6 14. Qxd4 Qd7 15. Kg2 c5 16. Qd3 c6 17. Bg5 h6 18. Be3 d5 19. Bf4 Bd6 20. Bxd6 Qxd6 21. Rad1 Rad8 22. Rfe1 d4 23. Ne4 Nxe4 24. Qxe4 Kh8 25. f4 a5 26. h4 a4 27. Qe5 Qxe5 28. Rxe5 Rb8 29. Rd2 Rb6 30. Rxc5 Rfb8 31. b3 axb3 32. axb3 Rxb3 33. Rxd4 Rc3 34. Kh3 Rbb3 35. Rxc6 Rxg3+ 36. Kh2 Rgf3 37. Rc8+ Kh7 38. Rc7 Rf2+ 39. Kg1 Rc2 40. Rd1 Rbb2 41. c5 Rg2+ 42. Kh1 Rh2+ 43. Kg1 Rxh4 44. Rdd7 Rg4+ 45. Kh1 h5 46. c6 Rb3 47. Kh2 Rb2+ 48. Kh3 Rb3+ 49. Kh2 h4 50. Rd5 Kg6 51. Rcd7 Rc3 52. c7 Rgg3 53. R5d6+ Kh7 54. Rd5 Rc2+ 55. Kh1 Rc1+ 56. Kh2 Rc2+ 57. Kh1 Rc1+ 58. Kh2 Rc2+ 1/2-1/2


[Site "https://www.chess.com"]